 Dungeon Crawl Stone Soup version 0.29.1-15-g9cfb28693d (webtiles) character file.

Game seed: 4010729178667992170

10087 Garmo the Grappler (level 11, -10/119 HPs)
             Began as a Troll Berserker on Mar 24, 2023.
             Was an Elder of Trog.
             Mangled by a reaper
             ... wielding a +2 scythe of freezing
              (32 damage)
             ... in an ice cave.
             The game lasted 00:40:30 (9630 turns).

Garmo the Grappler (Troll Berserker)                Turns: 9630, Time: 00:40:31

Health: -10/119    AC:  6    Str: 27    XL:     11   Next: 31%
Magic:  10/10      EV: 10    Int:  7    God:    Trog [****..]
Gold:   671        SH:  0    Dex:  9    Spells: 10/10 levels left

rFire   x . .      SeeInvis .     - Unarmed
rCold   + . .      Faith    .   (no shield)
rNeg    . . .      Spirit   .   k - +1 robe of Foolhardiness {rCorr}
rPois   .          Reflect  .   (helmet restricted)
rElec   .          Harm     .   e - +0 cloak
rCorr   +          Rampage  .   (gloves unavailable)
Will    .....                   (boots unavailable)
Stlth   +.........              (no amulet)
HPRegen 1.09/turn               I - ring of ice
MPRegen 0.12/turn               r - +4 ring of slaying

@: about to teleport, on berserk cooldown, slowed, very slow
A: large, unfitting armour, claws 3, regeneration 1, shaggy fur 1, tough skin 1
a: Renounce Religion, Berserk, Trog's Hand, Brothers in Arms


You were in an ice cave.
You worshipped Trog.
Trog was greatly pleased with you.
You visited 2 branches of the dungeon, and saw 12 of its levels.
You also visited: Ice Cave.

You collected 711 gold pieces.
You spent 40 gold pieces at shops.

Inventory:

Missiles
 b - 5 javelins
 d - 2 boomerangs
 h - 40 stones (quivered)
 o - 12 poisoned darts
 A - a curare-tipped dart {!f}
 G - 5 large rocks
Armour
 e - a +0 cloak (worn)
   (You found it on level 4 of the Dungeon)
 k - the +1 robe of Foolhardiness (worn) {rCorr}
   (You found it on level 3 of the Dungeon)

   rCorr:     It protects you from acid and corrosion.
 D - a +0 robe
   (You took it off a wight on level 9 of the Dungeon)
 E - a +0 robe
   (You took it off a wight on level 9 of the Dungeon)
 H - a +0 robe
   (You took it off a wight on level 9 of the Dungeon)
Jewellery
 r - a +4 ring of slaying (right claw)
   (You found it on level 8 of the Dungeon)
 z - a ring of see invisible
   (You found it on level 4 of the Dungeon)
 I - a ring of ice (left claw)
   (You found it on level 10 of the Dungeon)
Wands
 v - a wand of digging (7)
   (You took it off a wight on level 9 of the Dungeon)
 y - a wand of roots (7)
   (You found it on level 8 of the Dungeon)
 F - a wand of light (9)
   (You found it on level 5 of the Dungeon)
 J - a wand of charming (6)
   (You found it in an ice cave)
Scrolls
 c - 5 scrolls of teleportation {@r4}
 i - 3 scrolls of enchant weapon
 l - 3 scrolls of poison {!r}
 n - 3 scrolls of fear
 p - a scroll of torment {unknown}
 s - 2 scrolls of vulnerability {!r}
 t - a scroll of immolation {unknown}
 u - 2 scrolls of fog {unknown}
 w - 2 scrolls of magic mapping {unknown}
 x - a scroll of blinking {unknown}
 B - a scroll of silence {unknown}
Potions
 a - 2 potions of heal wounds {@q2}
 f - a potion of invisibility
 g - 3 potions of resistance
 j - 4 potions of might
 m - a potion of curing {@q1}
 q - a potion of lignification {!q}
Miscellaneous
 C - a lightning rod (4/4) {!a}
   (You found it on level 9 of the Dungeon)


   Skills:
 * Level 10.4 Fighting
 * Level 7.0 Throwing
 - Level 2.4 Dodging
 + Level 11.3 Unarmed Combat


You had 10 spell levels left.
You didn't know any spells.
Your spell library was empty.

Dungeon Overview and Level Annotations

Branches:
Dungeon (11/15) Zot: 26908  Temple (1/1) D:6 Zot: 5972    Lair (0/5) D:10
  IceCv (1/1) Zot: 5077
    Orc: D:9-12

Altars:
Ashenzari
Cheibriados
Dithmenos
Elyvilon
Fedhas
Gozag
Hepliaklqana
Kikubaaqudgha
Makhleb
Nemelex Xobeh
Okawaru
Qazlal
Ru
Sif Muna
Trog
Uskayaw
Vehumet
Wu Jian
Xom
Yredelemnul
Zin
The Shining One

Shops:
D:4 ?   D:9 [

Annotations:
D:7 2 transporters


Innate Abilities, Weirdness & Mutations

You are too large for most types of armour.
You have claws for hands.
Your natural rate of healing is unusually fast.
You are covered in fur. (AC +1)
You have tough skin. (AC +1)


Message History

You kill the ufetubus!
Trog accepts your kill.
The reaper hits you from afar with a +2 scythe of freezing!
The reaper freezes you.
You mangle the harpy simulacrum!! Trog accepts your kill.
Unknown command.
You barely miss the anaconda simulacrum.
Your claw misses the anaconda simulacrum.
The reaper hits you from afar with a +2 scythe of freezing!
The reaper freezes you. The anaconda simulacrum grabs you.
The anaconda simulacrum closely misses you.
The anaconda simulacrum constricts you.
You mangle the anaconda simulacrum!!
The anaconda simulacrum bites you but does no damage.
The anaconda simulacrum constricts you.
You claw the anaconda simulacrum! Trog accepts your kill.
The reaper hits you from afar with a +2 scythe of freezing!
The reaper freezes you.
Your Throwing skill increases to level 7!
You eviscerate the two-headed ogre simulacrum!!!
Trog accepts your kill.
You start resting.
You feel a strong urge to attack something.
Your skin stops crawling.
You feel less strong-willed.
You closely miss the reaper. You claw the reaper!
The reaper hits you with a +2 scythe of freezing!!!
* * * LOW HITPOINT WARNING * * *
The reaper freezes you.
* * * LOW HITPOINT WARNING * * *
Unknown command.
An ice covered rock wall.
You claw the reaper!
You are no longer berserk.
You are exhausted.
You feel yourself slow down.
As you read the scroll of teleportation {@r4}, it crumbles to dust.
You feel strangely unstable.
The reaper hits you with a +2 scythe of freezing!
* * * LOW HITPOINT WARNING * * *
The reaper freezes you.
* * * LOW HITPOINT WARNING * * *
The reaper hits you with a +2 scythe of freezing!
* * * LOW HITPOINT WARNING * * *
The reaper freezes you.
* * * LOW HITPOINT WARNING * * *
The reaper hits you from afar with a +2 scythe of freezing!!
You die...

###. #####..# ##...
###....### #..ZZ
##...#....###
#ZZ.###..####.....##
#Z°2##..#####.....###
###○.##...######....#
#.2###..⌠..# ##....
###.#.#:.)## ###..
##@###### #########
### ###....##..
###...#....##
###....#######
##...#### ####...## #
#.....## ###
#.#.....## #..
##.....##########.


You could see a reaper.

Vanquished Creatures
  A two-headed ogre (D:9)
  An ugly thing (D:10)
  An ice statue (IceCv)
  A komodo dragon (D:10)
  3 anaconda simulacra (IceCv)
  A freezing wraith (IceCv)
  2 trolls
  A hornet (D:7)
  4 wyverns
  A shadow (D:9)
  4 yaks (D:10)
  A wraith (D:9)
  A vampire (D:9)
  2 steam dragons
  2 basilisks (D:10)
  An acid dragon (D:10)
  A harpy simulacrum (IceCv)
  7 water moccasins
  2 orc warriors
  2 ice beasts
  2 ogres
  4 centaurs
  A kobold brigand (D:9)
  4 two-headed ogre simulacra (IceCv)
  2 bullfrogs (D:8)
  4 scorpions
  3 necrophages
  7 wights
  5 elephant simulacra (IceCv)
  6 killer bees (D:9)
  4 howler monkeys
  An iron imp (D:4)
  5 orc priests
  A hound (D:6)
  3 jellies
  A gnoll bouda (D:5)
  4 iguanas
  3 orc wizards
  5 spriggan simulacra (IceCv)
  A polar bear simulacrum (IceCv)
  6 troll simulacra (IceCv)
  2 wolf simulacra (IceCv)
  4 gnolls (D:5)
  5 adders
  10 naga simulacra (IceCv)
  6 white imps
  7 ufetubi
  3 dart slugs
  A worm (D:3)
  30 orcs
  9 ball pythons
  5 endoplasms
  3 giant cockroaches
  5 goblins
  4 hobgoblins
  4 quokkas
  5 bats
  4 frilled lizards
  13 kobolds
  4 rats
235 creatures vanquished.

Vanquished Creatures (others)
  A fungus (D:10)
  14 plants (D:10)
15 creatures vanquished.

Grand Total: 250 creatures vanquished

Notes
Turn   | Place    | Note
-------+----------+-------------------------------------------
     0 | D:1      | Garmo the Troll Berserker began the quest for the Orb.
     0 | D:1      | Reached XP level 1. HP: 22/22 MP: 0/0
   347 | D:1      | Reached XP level 2. HP: 29/29 MP: 1/1
   700 | D:2      | Reached XP level 3. HP: 36/36 MP: 2/2
   784 | D:2      | Reached ** piety under Trog
  1068 | D:2      | Reached skill level 4 in Unarmed Combat
  1469 | D:3      | Identified the +1 robe of Foolhardiness {rCorr}
  1662 | D:3      | Noticed a steam dragon
  1681 | D:2      | Reached XP level 4. HP: 45/45 MP: 3/3
  1863 | D:3      | Killed a steam dragon
  1864 | D:3      | Reached skill level 5 in Unarmed Combat
  1864 | D:3      | Reached XP level 5. HP: 53/53 MP: 4/4
  2104 | D:4      | Found Zisiwam's Magic Scroll Boutique.
  2108 | D:4      | Bought a scroll of identify for 20 gold pieces
  2108 | D:4      | Bought a scroll of identify for 20 gold pieces
  2156 | D:4      | Reached XP level 6. HP: 61/62 MP: 5/5
  2218 | D:4      | Reached skill level 6 in Unarmed Combat
  2305 | D:4      | Reached *** piety under Trog
  2319 | D:4      | Found a sparkling altar of Nemelex Xobeh.
  2476 | D:4      | Found a snail-covered altar of Cheibriados.
  2708 | D:4      | Reached XP level 7. HP: 53/70 MP: 6/6
  2711 | D:4      | Reached skill level 7 in Unarmed Combat
  2880 | D:5      | Entered Level 5 of the Dungeon
  3290 | D:5      | Reached skill level 8 in Unarmed Combat
  3376 | D:5      | Reached skill level 5 in Fighting
  3846 | D:5      | Reached XP level 8. HP: 80/80 MP: 7/7
  3919 | D:6      | Found a staircase to the Ecumenical Temple.
  3928 | Temple   | Entered the Ecumenical Temple
  4539 | D:7      | Found a shimmering blue altar of Sif Muna.
  4539 | D:7      | Noticed a freezing wraith
  4545 | D:7      | Found a transporter.
  4617 | D:6      | Reached skill level 9 in Unarmed Combat
  4699 | D:7      | Found a transporter.
  4761 | D:7      | Found a shimmering altar of Xom.
  4763 | D:7      | Found an ancient bone altar of Kikubaaqudgha.
  4764 | D:7      | Found a radiant altar of Vehumet.
  4764 | D:7      | Found a burning altar of Makhleb.
  4764 | D:7      | Found a stormy altar of Qazlal.
  4764 | D:7      | Found an ornate altar of the Wu Jian Council.
  5195 | D:7      | Noticed a hornet
  5195 | D:7      | Paralysed by a hornet for 2 turns
  5200 | D:7      | Paralysed by a hornet for 3 turns
  5204 | D:7      | Killed a hornet
  5205 | D:7      | Reached skill level 10 in Unarmed Combat
  5299 | D:7      | Noticed a two-headed ogre
  5530 | D:8      | Reached XP level 9. HP: 84/92 MP: 8/8
  5607 | D:8      | Found an opulent altar of Gozag.
  6720 | D:9      | Reached skill level 1 in Throwing
  6745 | D:9      | Reached **** piety under Trog
  6762 | D:9      | Noticed a two-headed ogre
  6768 | D:9      | Killed a two-headed ogre
  6816 | D:9      | Reached XP level 10. HP: 103/106 MP: 9/9
  7429 | D:9      | Found Liriepao's Antique Armour Shop.
  7466 | D:10     | Entered Level 10 of the Dungeon
  7623 | D:10     | Noticed a white ugly thing
  7631 | D:10     | Killed a white ugly thing
  7874 | D:10     | Reached skill level 5 in Throwing
  8074 | D:10     | Found a staircase to the Lair.
  8097 | D:10     | Reached skill level 11 in Unarmed Combat
  8615 | D:11     | Found a glowing golden altar of the Shining One.
  8670 | D:11     | Found a frozen archway.
  8675 | D:11     | Noticed a boulder beetle
  8678 | D:11     | Reached skill level 10 in Fighting
  8678 | D:11     | Reached XP level 11. HP: 104/117 MP: 10/10
  8687 | IceCv    | Entered an ice cave
  9591 | IceCv    | Reached ***** piety under Trog
  9612 | IceCv    | Noticed a reaper
  9630 | IceCv    | Mangled by a reaper

Illustrated notes

Levels and vault maps discovered:
D:1:      sevenhm_arrival_forest_fort_small_6, layout_basic,
          minmay_fountain_box, amethyst_killhole
D:2:      layout_loops_corners
D:3:      layout_basic
D:4:      layout_cave_pods, slow_altar_2, marbit_many_paths, serial_shops,
          nicolae_shop_stone, grunt_decor_resistance, st_stairs_5,
          grunt_ministairs_2, chequers_serial_rivers_small_a
D:5:      layout_cave_pods, kennysheep_generic_room_14
D:6:      layout_basic, minmay_temple_entry_waves, kennysheep_crisscross
D:7:      layout_loops_ring, grunt_temple_overflow_open,
          gammafunk_temple_overflow_arena
D:8:      layout_layer_cave, mainiacjoe_overflow_alcove_1
D:9:      layout_irregular_city, serial_shops, nicolae_shop_behind_doors,
          serial_column_ruins, column_ruins_hut, column_ruins_columns_plus,
          column_ruins_open_medium, column_ruins_grid_1, column_ruins_grid_1,
          column_ruins_grid_1, column_ruins_columns_corner
D:10:     layout_basic, minmay_lair_entry_grove
D:11:     layout_cave_pools, portal_ice_cave_entry_pillars_2, tso_altar
Temple:   nicolae_temple_ecumenical_triangle
IceCv:    ice_cave_caverns_01

Skill      XL: |  1  2  3  4  5  6  7  8  9 10 11 |
---------------+----------------------------------+-----
Unarmed Combat | 4 5 6 8 10 11 | 11.3
Fighting       | 3 4 5 6 8 10 | 10.4
Throwing       | 3 6 7 |  7.0
Dodging        | |  2.4

Action                   |  1- 3 |  4- 6 |  7- 9 | 10-12 || total
-------------------------+-------+-------+-------+-------++-------
Melee: Unarmed           |   115 |    69 |   194 |   218 ||   596
       Punch             |     1 |     2 |    11 |    14 ||    28
Throw: Stone             |     9 |     5 |     2 |       ||    16
       Dart              |       |     4 |     1 |       ||     5
       Boomerang         |       |       |     2 |       ||     2
Invok: Berserk           |       |     1 |     3 |     4 ||     8
       Trog's Hand       |       |       |     3 |     4 ||     7
  Use: Scroll            |       |     9 |     2 |     7 ||    18
 Stab: Sleeping          |     1 |       |     1 |       ||     2
Armor: Robe              |    43 |    21 |    54 |    45 ||   163
Dodge: Dodged            |    57 |    23 |   104 |   101 ||   285
